 Dungeon Crawl Stone Soup version 0.21.1-1-g345015f (webtiles) character file.

35 inc the Vexing (level 3, 17/17 HPs)
             Began as a Felid Enchanter on Mar 16, 2018.
             Quit the game on level 3 of the Dungeon.
             The game lasted 00:04:30 (2615 turns).

inc the Vexing (Felid Enchanter)                    Turns: 2615, Time: 00:04:31

Health: 17/17      AC:  1    Str:  4    XL:     3   Next: 16%
Magic:  7/7        EV: 18    Int: 17    God:
Gold:   128        SH:  0    Dex: 16    Spells: 0/6 levels left
                                        Lives:  0   Deaths: 1

rFire    . . .     SeeInvis +     - Unarmed
rCold    . . .     Gourm    .   (shield unavailable)
rNeg     . . .     Faith    .   (armour unavailable)
rPois    .         Spirit   .   (helmet unavailable)
rElec    .         Reflect  .   (cloak unavailable)
rCorr    .         Harm     .   (gloves unavailable)
MR       .....                  (boots unavailable)
Stlth    +++.......             (no amulet)
HPRegen  0.05/turn              (no ring)
MPRegen  0.10/turn              (no ring)

@: quick
A: very small, no armour, no weapons or thrown items, stealth, claws 1, fangs 3,
see invisible, carnivore, speed 1, shaggy fur 1, slow metabolism 1, sharp paws
a: no special abilities


You were on level 3 of the Dungeon.
You were not hungry.

You visited 1 branch of the dungeon, and saw 3 of its levels.

You collected 128 gold pieces.

Inventory:

Scrolls
 c - a scroll of blinking {unknown}
 d - a scroll of enchant weapon {unknown}
 i - a scroll of teleportation {unknown}
 j - 3 scrolls of amnesia {unknown}
 l - a scroll of enchant armour {unknown}
 n - a scroll of fog {unknown}
 o - a scroll of random uselessness {unknown}
Potions
 e - 2 potions of cancellation
 f - a potion of brilliance
 g - a potion of haste {unknown}
 h - a potion of lignification
 k - a potion of magic
 m - a potion of agility {unknown}
Books
 a - a book of Maledictions

   Spells                             Type                      Level
   a - Corona                         Hexes                        1
   b - Ensorcelled Hibernation        Hexes/Ice                    2
   c - Confuse                        Hexes                        3
   d - Tukima's Dance                 Hexes                        3
   e - Dazzling Spray                 Conjuration/Hexes            3
Comestibles
 b - 5 rations


   Skills:
 - Level 3.0 Fighting
 - Level 2.6 Dodging
 - Level 4.0 Stealth
 - Level 1.0 Unarmed Combat
 - Level 2.0 Spellcasting
 + Level 5.0 Hexes
 + Level 1.2 Ice Magic


You couldn't memorise any spells.
You knew the following spells:

 Your Spells              Type           Power        Failure   Level  Hunger
a - Corona                Hex            ###....      2%          1    #......
b - Ensorcelled Hibernat  Hex/Ice        ##....       9%          2    ###....
c - Confuse               Hex            ###.....     8%          3    ###....


Dungeon Overview and Level Annotations

Branches:
Dungeon (3/15)

Altars:


Innate Abilities, Weirdness & Mutations

You cannot wear armour.
You are incapable of wielding weapons or throwing items.
Your paws allow you to move quietly. (Stealth)
You have sharp claws.
You have razor-sharp teeth.
You have supernaturally acute eyesight. (SInv)
You are carnivorous and can eat meat at any time.
You cover ground quickly.
You are covered in fur. (AC +1)
You have a slow metabolism.
Your sharp claws are effective at attacking unaware monsters.


Message History

You closely miss the orc priest.
The orc priest is severely wounded.
The orc priest invokes the aid of Beogh against you.
Beogh smites you!
Ouch! That really hurt!
Unknown command.
You barely miss the orc priest.
The orc priest is severely wounded.
The hobgoblin hits you with a club.
* * * LOW HITPOINT WARNING * * *
The orc priest closely misses you.
Unknown command.
Okay, then.
You scratch the orc priest.
The orc priest is almost dead.
The hobgoblin barely misses you. The orc priest hits you with a club.
You die...
You are now level 3!
You rejoin the land of the living...
Are you sure you want to abandon this character and quit the game? (Confirm with "yes".)

#.#
#.#
#.#
#.#
#.#
#.#
#.#
#@#
#.#
#.#
#..
###


There were no monsters in sight!

Vanquished Creatures
  4 adders
  2 dart slugs
  A leopard gecko (D:3)
  An orc (D:3)
  2 ball pythons
  2 giant cockroaches (D:1)
  2 goblins
  5 hobgoblins
  3 quokkas (D:2)
  8 bats
  2 frilled lizards
  3 kobolds
  5 rats (D:1)
40 creatures vanquished.

Notes
Turn   | Place    | Note
-------+----------+-------------------------------------------
     0 | D:1      | inc the Felid Enchanter began the quest for the Orb.
     0 | D:1      | Reached XP level 1. HP: 7/7 MP: 4/4
   126 | D:1      | Reached skill level 1 in Fighting
   350 | D:1      | Reached XP level 2. HP: 13/13 MP: 3/6
   354 | D:1      | Learned a level 2 spell: Ensorcelled Hibernation
   968 | D:2      | Reached XP level 3. HP: 16/16 MP: 0/7
  1394 | D:3      | Learned a level 3 spell: Confuse
  2225 | D:3      | Reached skill level 1 in Ice Magic
  2225 | D:3      | Reached XP level 4. HP: 21/21 MP: 5/8
  2335 | D:3      | Reached skill level 5 in Hexes
  2614 | D:3      | Slain by an orc priest
  2615 | D:3      | Reached XP level 3. HP: -1/17 MP: 3/7
  2615 | D:3      | Quit the game

Skill      XL: |  1  2  3  4 |
---------------+-------------+-----
Fighting       | 1 2 3 |  3.0
Ice Magic      | 1 |  1.2
Hexes          | 5 |  5.0
Dodging        | |  2.6
Stealth        | |  4.0
Unarmed Combat | |  1.0
Spellcasting   | |  2.0

Action                   |  1- 3 |  4- 6 || total
-------------------------+-------+-------++-------
Melee: Unarmed           |    75 |    14 ||    89
       Bite              |     3 |     1 ||     4
 Cast: Corona            |     6 |       ||     6
       Ensorcelled Hiber |    25 |    14 ||    39
       Confuse           |     1 |       ||     1
  Use: Scroll            |     4 |       ||     4
 Stab: Sleeping          |    25 |     6 ||    31
       Confused          |     1 |       ||     1
  Eat: Chunk             |     4 |     1 ||     5
Armor: Skin              |     9 |       ||     9
Dodge: Dodged            |    95 |     7 ||   102
